AoeStats
← Atanar Klitza

MegaRandom

507908125Analyzed
3v3 RM · 13d ago on Sep 20, 2026· 27m 9s· 6 players
Game mode
Random Map
Map size
Normal (6 player)
Population
200
Speed
Normal
Resources
Standard
Victory
Conquest
Starting age
Dark Age
Ending age
Imperial Age
RankedLock teamsTeams togetherTeam positionsShared explorationLock speedFull tech treeHidden civsTurbo modeCheats
Victory
Defeat
🇲🇽 Burmese · Mexico
690
+11
🇲🇽 Persians · Mexico
683
+11
🇲🇽 Aztecs · Mexico
671
+11
🇲🇽 Teutons · Mexico
596
-12
🇲🇽 Italians · Mexico
571
-11
🇲🇽 Mongols · Mexico
548
-10
elkrlos3128
11:10 Feudal Age
11:51 Double-Bit Axe
11:48 Horse Collar
14:40 Man-at-Arms
20:00 Fletching
21:28 Gold Mining
23:57 Stone Mining
25:41 Padded Archer Armor
28:40 Castle Age
emiliofausto1417
10:00 Feudal Age
18:54 Man-at-Arms
24:47 Loom
26:19 Wheelbarrow
25:32 Town Watch
26:50 Forging
jorgebuendia752
14:10 Feudal Age
14:18 Man-at-Arms
15:06 Horse Collar
15:58 Scale Mail Armor
17:03 Double-Bit Axe
17:44 Bloodlines
18:35 Forging
20:57 Scale Barding Armor
23:33 Fletching
26:44 Gold Mining
Atanar Klitza
2:28 Loom
14:19 Feudal Age
14:20 Man-at-Arms
18:55 Arson
21:00 Scale Mail Armor
22:36 Wheelbarrow
24:14 Forging
karzmoy
1:02 Loom
13:15 Feudal Age
13:48 Double-Bit Axe
20:02 Man-at-Arms
21:07 Arson
21:08 Horse Collar
25:35 Castle Age
24:19 Forging
25:47 Long Swordsman
26:54 Squires
Azteca Beleren
0:31 Loom
11:59 Feudal Age
13:26 Wheelbarrow
12:39 Double-Bit Axe
12:48 Stone Mining
Connection lost

Rejoining the realm…

Still unreachable

The connection could not be restored.

Session expired

The server has moved on; the page needs a fresh start.